[Event "Klatovy Open-A 2024"]
[Site "Klatovy"]
[Date "2024.07.04"]
[Round "6.1"]
[White "Straka, Vojtech"]
[Black "Velickov, Dominik"]
[Result "1-0"]
[ECO "E18"]
[WhiteElo "2436"]
[BlackElo "1885"]
[Annotator "TA"]
[PlyCount "81"]
[EventDate "2024.06.21"]
[EventType "swiss"]
[EventCountry "CZE"]
[SourceTitle "playchess.com"]
[Source "ChessBase"]
[SourceQuality "1"]
[TimeControl "40/7200:0"]

1. d4 Nf6 2. c4 e6 3. Nf3 b6 4. g3 Bb7 5. Bg2 Be7 6. O-O O-O 7. Nc3 d5 8. cxd5 Nxd5 9. Qc2 c5 10. dxc5 Nxc3 11. bxc3 {[%emt 0:01:03][%cal Of3g5] Strongly threatening Ng5!} Nd7 (11... Qc8 $11) 12. Rd1 ({White should try} 12. Ng5 $16 Bxg5 13. Bxb7) 12... Qc8 $1 $14 13. cxb6 Nxb6 14. Rb1 Rd8 (14... Bc6 $11 {remains equal.}) 15. Rxd8+ $16 Qxd8 {[%emt 0:00:34] [#]} ({Better is} 15... Bxd8 16. Be3 Bd5) 16. Be3 ({White should play} 16. Ng5 $1 Bxg5 17. Bxb7) 16... Rc8 {[%emt 0:02:07] [#]} 17. Ng5 $1 $40 {[%emt 0:18:06][%mdl 128] White attacks with force.} Bxg5 18. Bxb7 Rc7 19. Bxg5 Qxg5 20. Be4 g6 21. Bd3 Qe5 {[%emt 0:11:42] Black is on the road to losing.} 22. c4 Rc5 23. Rb5 Qc7 24. Qb2 e5 {[%emt 0:01:13] [#]} (24... Rc6 $16 {was worth a try.} 25. h4 h5) 25. Qb4 $1 $18 Rc6 26. c5 Nd5 27. Qa3 Nf6 {[%emt 0:05:54] Prevents Be4} 28. Ra5 e4 $2 (28... Qe7 29. Rxa7 Qxc5 30. Qxc5 Rxc5) 29. Rxa7 Qe5 {[%emt 0:00:00] [#]} 30. Qb3 Nd5 (30... Qd5 31. Bc4) 31. Bc4 Rxc5 (31... Nc7 $142 32. Bxf7+ Kg7) 32. Rd7 Qa1+ 33. Kg2 e3 34. Bxd5 {[%emt 0:00:35] White mates.} exf2 35. Qb8+ Kg7 36. Rxf7+ ({And not} 36. Kxf2 Qd4+ 37. Kf1 Rxd5 38. Rxd5 Qxd5 $11) 36... Kh6 37. Qf4+ g5 38. Qd6+ Kh5 39. Rxh7+ Kg4 40. Be6+ Rf5 41. h3# {[%emt 2:15:24] Weighted Error Value: White=0.06 (flawless) /Black=0.49.  Mistake:       	White=2     	Black=6      Inaccurate:     	---       	Black=2      OK:         	White=15    	Black=8      Best:        	White=2     	Black=1      Strong:       	White=1     	Black=1} 1-0

[Event "Klatovy Open-A 2024"]
[Site "Klatovy"]
[Date "2024.07.04"]
[Round "6.6"]
[White "Lhotsky, Zdenek"]
[Black "Slovak, Kilian"]
[Result "0-1"]
[ECO "B56"]
[WhiteElo "1918"]
[BlackElo "2271"]
[Annotator "TA"]
[PlyCount "46"]
[EventDate "2024.06.21"]
[EventType "swiss"]
[EventCountry "CZE"]
[SourceTitle "playchess.com"]
[Source "ChessBase"]
[SourceQuality "1"]
[TimeControl "40/7200:0"]

1. e4 c5 2. Nf3 Nc6 3. d4 cxd4 4. Nxd4 Nf6 5. Nc3 d6 6. Be3 Ng4 7. Bg5 h6 8. Bh4 g5 9. Bg3 Bg7 10. Nf5 (10. Nb3 $11) 10... Bxf5 $15 {[%emt 0:00:00] Black is slightly better.} 11. exf5 {[%emt 0:00:00] [#]} Qa5 $1 12. Qd3 Nd4 {[%emt 0:00:00] Black has more active pieces.} 13. Be2 ({Don't play} 13. h3 Ne5 14. Bxe5 (14. Qxd4 $2 Nf3+ 15. gxf3 Bxd4 $19) 14... Qxe5+ 15. Ne2 Nxf5 $17) 13... Nxe2 (13... Qxf5 $2 {too greedy.} 14. Qxf5 Nxf5 15. Bxg4 $18) 14. Kxe2 Ne5 (14... Rc8 $17 15. Nd1 h5) 15. Qb5+ (15. Bxe5 $11 {remains equal.} Qxe5+ 16. Kf1) 15... Qxb5+ $17 16. Nxb5 {[%emt 0:00:00] [#] Hoping for Bxe5.} Kd7 17. b3 {[%emt 0:00:00] Prevents Nc4} ({Better is} 17. Bxe5 $1 $15 Bxe5 18. c3) 17... a6 18. Na3 Nc6 19. Rad1 Nd4+ 20. Ke3 (20. Kd3 $17) 20... Nxf5+ $19 21. Kf3 Nd4+ 22. Ke3 f5 23. f4 (23. Rxd4 $142 Bxd4+ (23... f4+ $2 24. Rxf4 gxf4+ 25. Bxf4 $19) 24. Kxd4) 23... gxf4+ {[%emt 0:00:00] Weighted Error Value: White=0.37/Black=0.09 (flawless) .  Mistake:       	White=5     	Black=1      OK:         	White=2     	Black=7      Best:        	White=1     	Black=3} 0-1